 Dungeon Crawl Stone Soup version 0.20.0-15-g7f486f2 (webtiles) character file.

86 HeyBub the Sneak (level 4, 0/31 HPs)
             Began as an Octopode Monk on June 11, 2017.
             Was a Believer of Makhleb.
             Slain by an orc (1 damage)
             ... on level 3 of the Dungeon.
             The game lasted 00:02:10 (1644 turns).

HeyBub the Sneak (Octopode Monk)                    Turns: 1644, Time: 00:02:11

Health: 0/31       AC:  1    Str: 11    XL:     4   Next: 50%
Magic:  4/4        EV: 14    Int: 12    God:    Makhleb [**....]
Gold:   71         SH:  0    Dex: 14    Spells: 3/3 levels left

rFire    . . .     SeeInvis .   a - +0 short sword
rCold    . . .     Gourm    .   (no shield)
rNeg     . . .     Faith    .   (helmet restricted)
rPois    .         Spirit   .   (no amulet)
rElec    .         Reflect  .   (no ring)
rCorr    .         Harm     .   (no ring)
MR       .....                  (no ring)
Stlth    ++++......             (no ring)
Regen    0.1/turn               (no ring)
MPRegen  0.1/turn               (no ring)
                                (no ring)
                                (no ring)

@: no status effects
A: almost no armour, stealthy swim, amphibious, 8 rings, constrict 8, camouflage
1, gelatinous body 1
a: Minor Destruction, Renounce Religion


You were on level 3 of the Dungeon.
You worshipped Makhleb.
Makhleb was pleased with you.
You were not hungry.

You visited 1 branch of the dungeon, and saw 3 of its levels.

You collected 71 gold pieces.

Inventory:

Hand Weapons
 a - a +0 short sword (weapon)
Missiles
 c - 4 javelins of penetration
 e - 2 javelins (quivered)
Scrolls
 g - a scroll of magic mapping {unknown}
 h - a scroll of remove curse {unknown}
 j - a scroll of fog {unknown}
Potions
 d - a potion of agility {unknown}
 f - a potion of brilliance {unknown}
 i - a potion of degeneration {unknown}
 k - a potion of curing {unknown}
 l - 2 potions of might {unknown}
Comestibles
 b - 2 bread rations


   Skills:
 - Level 3.0 Fighting
 - Level 3.0 Short Blades
 - Level 3.0 Dodging
 + Level 6.5 Stealth


You had 3 spell levels left.
You didn't know any spells.

Dungeon Overview and Level Annotations

Branches:
Dungeon (3/15)

Altars:
Makhleb


Innate Abilities, Weirdness & Mutations

You cannot wear most types of armour.
You are very stealthy in the water. (Stealth+)
You are amphibious.
You can wear up to eight rings at the same time.
You can use your tentacles to constrict eight enemies at once.
Your skin changes colour to match your surroundings (Stealth+).
Your rubbery body absorbs attacks. (AC +1, EV +1)


Message History

You barely miss the orc. Your grab misses the orc. The orc hits you.
* * * LOW HITPOINT WARNING * * *
You barely miss the orc. Your grab misses the orc. The orc misses you.
You hit the orc. You grab the orc.
The orc is lightly wounded.
You constrict the orc, but do no damage.
The orc wizard points at you and mumbles some strange words.
You resist with some effort. The orc closely misses you.
You closely miss the orc wizard. Your grab misses the orc wizard.
The orc wizard is severely wounded.
You constrict the orc. The orc closely misses you.
The orc wizard hits you with a dagger.
* * * LOW HITPOINT WARNING * * *
You hit the orc wizard but do no damage.
Your grab misses the orc wizard. You squeeze the orc wizard.
The orc wizard is severely wounded.
You constrict the orc. The orc wizard hits you with a dagger.
* * * LOW HITPOINT WARNING * * *
The orc hits you.
You die...

.!..... #........
#....... #.....#
.#.....### .....
..# ###†####.#
##.@o..##.###
#..o.)..#...#
...#.......#...#
......._.......#
...#.......#...#
.[..#.......#.÷.#
.## ##....?##...#
# ###.####..<##.#
.............#


You could see an orc wizard and an orc.

Vanquished Creatures
  A gnoll (D:1)
  2 adders (D:2)
  2 dart slugs
  3 leopard geckos
  An orc (D:3)
  5 bats
  2 giant cockroaches
  5 goblins
  6 hobgoblins
  2 jackals (D:1)
  A quokka (D:2)
  4 frilled lizards
  7 kobolds
  10 rats
51 creatures vanquished.

Vanquished Creatures (others)
  A kraken (D:1)
  2 octopodes (D:1)
  2 gargoyles (D:1)
  An elf (D:1)
  2 formicids (D:1)
  A human (D:1)
  A centaur (D:1)
  8 tentacles (D:1)
18 creatures vanquished.

Grand Total: 69 creatures vanquished

Notes
Turn   | Place    | Note
-------+----------+-------------------------------------------
     0 | D:1      | HeyBub the Octopode Monk began the quest for the Orb.
     0 | D:1      | Reached XP level 1. HP: 16/16 MP: 1/1
     2 | D:1      | Noticed a formicid
     2 | D:1      | Noticed a naga
     2 | D:1      | Noticed a human
     2 | D:1      | Noticed an elf
     2 | D:1      | Noticed a formicid
     2 | D:1      | Noticed a vampire
     2 | D:1      | Noticed a centaur
     2 | D:1      | Noticed a kraken
     2 | D:1      | Noticed an elf
     2 | D:1      | Noticed a vine stalker
     2 | D:1      | Noticed an octopode
     2 | D:1      | Noticed a gargoyle
     2 | D:1      | Noticed an ogre
     2 | D:1      | Noticed a gargoyle
     2 | D:1      | Noticed a formicid
     2 | D:1      | Noticed an octopode
     9 | D:1      | Killed an octopode
    10 | D:1      | Killed an octopode
    13 | D:1      | Killed a human
    15 | D:1      | Killed a formicid
    15 | D:1      | Killed an elf
    16 | D:1      | Killed a gargoyle
    22 | D:1      | Killed a centaur
    23 | D:1      | Killed a gargoyle
    24 | D:1      | Killed a formicid
    24 | D:1      | Killed a kraken
    48 | D:1      | Reached skill level 3 in Stealth
   132 | D:1      | Reached XP level 2. HP: 21/21 MP: 2/2
   154 | D:1      | Reached skill level 4 in Stealth
   313 | D:1      | Reached XP level 3. HP: 24/26 MP: 3/3
   327 | D:1      | Reached skill level 5 in Stealth
  1031 | D:2      | Reached XP level 4. HP: 31/31 MP: 4/4
  1041 | D:2      | Reached skill level 6 in Stealth
  1591 | D:3      | Found a burning altar of Makhleb.
  1621 | D:3      | Became a worshipper of Makhleb the Destroyer
  1621 | D:3      | Reached * piety under Makhleb
  1621 | D:3      | Reached ** piety under Makhleb
  1644 | D:3      | HP: 1/31 [orc wizard/dagger (3)]
  1644 | D:3      | Slain by an orc

Skill      XL: |  1  2  3  4 |
---------------+-------------+-----
Stealth        | 3 4 5 6 |  6.5
Fighting       | |  3.0
Short Blades   | |  3.0
Dodging        | |  3.0

Action                   |  1- 3 |  4- 6 || total
-------------------------+-------+-------++-------
Melee: Short sword       |    56 |    45 ||   101
       Constrict         |    12 |    13 ||    25
       Tentacles         |     8 |     4 ||    12
 Stab: Sleeping          |     9 |     6 ||    15
  Eat: Chunk             |       |     2 ||     2
Armor: Skin              |     5 |     2 ||     7
Dodge: Dodged            |    46 |    33 ||    79
